 Dungeon Crawl Stone Soup version 0.19.1 (webtiles) character file.

149 Rrauwl the Chopper (level 5, -1/45 HPs)
             Began as a Minotaur Berserker on Nov 28, 2016.
             Was a Believer of Trog.
             Slain by Crazy Yiuf
             ... wielding a +3 quarterstaff of chaos
              (4 damage)
             ... on level 3 of the Dungeon.
             The game lasted 00:09:17 (1907 turns).

Rrauwl the Chopper (Minotaur Berserker)             Turns: 1907, Time: 00:09:18

Health: -1/45      AC:  5    Str: 20 (22) XL:     5   Next: 9%
Magic:  4/4        EV: 12    Int:  5 (7)  God:    Trog [**....]
Gold:   114        SH:  0    Dex:  9 (10) Spells: 0 memorised, 4 levels left

rFire  . . .     SeeInvis .     p - -3 war axe (curse)
rCold  . . .     Gourm    .     d - +2 robe {MR+}
rNeg   . . .     Faith    .     (no shield)
rPois  .         Spirit   .     (helmet restricted)
rElec  .         Reflect  .     g - +0 cloak (curse)
rCorr  .         Harm     .     (no gloves)
MR     +....                    (no boots)
Stlth  +.........               (no amulet)
                                (no ring)
                                k - +3 ring of intelligence

@: lethally poisoned (-1 -> -9)
A: retaliatory headbutt, horns 2
a: Berserk, Trog's Hand, Burn Spellbooks, Renounce Religion


You were on level 3 of the Dungeon.
You worshipped Trog.
Trog was pleased with you.
You were not hungry.

You visited 1 branch of the dungeon, and saw 3 of its levels.

You collected 114 gold pieces.

Inventory:

Hand Weapons
 a - a +0 hand axe
 p - a cursed -3 war axe (weapon)
Missiles
 n - 23 bolts
Armour
 d - a +2 robe of magic resistance (worn)
 g - a cursed +0 cloak (worn)
Jewellery
 k - a +3 ring of intelligence (left hand)
Wands
 b - a wand of flame (43/48)
 f - a wand of digging (10/24)
Scrolls
 e - a scroll of magic mapping
 i - a scroll of teleportation
Comestibles
 c - a bread ration
 h - a slice of pizza
 j - 4 chunks of flesh
 o - 2 fruits


   Skills:
 - Level 3.6 Fighting
 + Level 7.0 Axes
 - Level 2.4 Armour
 - Level 2.1 Dodging


You had 4 spell levels left.
You didn't know any spells.

Dungeon Overview and Level Annotations

Branches:
Dungeon (3/15)

Altars:
Ru

Annotations:
D:3 Crazy Yiuf


Innate Abilities, Weirdness & Mutations

You reflexively headbutt those who attack you in melee.
You have a pair of horns on your head.


Message History

Crazy Yiuf zaps a wand.
You resist with almost no effort.
Crazy Yiuf hits you with a quarterstaff of chaos!
Crazy Yiuf burns you.
You hit Crazy Yiuf. Your headbutt misses Crazy Yiuf.
Crazy Yiuf is moderately wounded.
Crazy Yiuf zaps a wand.
Nothing appears to happen.
You barely miss Crazy Yiuf.
Crazy Yiuf is moderately wounded.
Crazy Yiuf hits you with a quarterstaff of chaos!
* * * LOW HITPOINT WARNING * * *
You are lethally poisoned!
You feel less confused.
* * * LOW HITPOINT WARNING * * *
You feel sick.
You hit Crazy Yiuf but do no damage.
Crazy Yiuf is moderately wounded.
* * * LOW HITPOINT WARNING * * *
You feel sick.
Crazy Yiuf hits you with a quarterstaff of chaos.
You die...

#.....#
#....###.....##....
#.#.### ##..##
#.....###### #.#.#
#....# #.###.# #
##...### ##...#
#.###.######
#......# ##.##
#..........#
#.#.#.## ##.#
#####.####.#
#.#.#.# #.##
#####.# #.# #.#.#.#
##.# #.....# #.#
#.#.#.# #@##
#####.# #.# #)#.#.#
##g## #..####.#
#.#.#.# #...#
#.......# #.#.#.#
#...# #.#######
#.....# #)..# #<#
#.#.#.## ##### #.#
#......# ####.#
#.#.#.## ###....#
#.....# #.####.#


You could see Crazy Yiuf.

Vanquished Creatures
  Jessica (D:3)
  4 gnolls (D:3)
  2 adders
  A worm (D:3)
  2 leopard geckos
  7 orcs (D:3)
  6 bats
  6 giant cockroaches
  9 goblins
  2 hobgoblins
  4 jackals (D:2)
  4 kobolds
  2 frilled lizards
  5 rats
55 creatures vanquished.

Notes
Turn   | Place    | Note
-------+----------+-------------------------------------------
     0 | D:1      | Rrauwl the Minotaur Berserker began the quest for the Orb.
     0 | D:1      | Reached XP level 1. HP: 19/19 MP: 0/0
   144 | D:1      | Reached skill level 4 in Axes
   197 | D:1      | Reached XP level 2. HP: 26/26 MP: 1/1
   511 | D:2      | Reached skill level 5 in Axes
   578 | D:2      | Reached XP level 3. HP: 27/31 MP: 2/2
   592 | D:2      | Found a sacrificial altar of Ru.
   705 | D:2      | Reached ** piety under Trog
   934 | D:3      | Noticed Jessica
   945 | D:3      | Reached skill level 6 in Axes
   945 | D:3      | Reached XP level 4. HP: 15/39 MP: 3/3
   953 | D:3      | Killed Jessica
  1765 | D:3      | Reached XP level 5. HP: 44/45 MP: 4/4
  1808 | D:3      | Reached skill level 7 in Axes
  1894 | D:3      | Found a runed door.
  1898 | D:3      | Noticed Crazy Yiuf
  1907 | D:3      | Slain by Crazy Yiuf

Skill      XL: |  1  2  3  4  5 |
---------------+----------------+-----
Axes           | 4 5 6 7 |  7.0
Fighting       | |  3.6
Armour         | |  2.4
Dodging        | |  2.1

Action                   |  1- 3 |  4- 6 || total
-------------------------+-------+-------++-------
Melee: Hand axe          |    57 |       ||    57
       Headbutt          |     7 |     6 ||    13
       War axe           |    11 |    67 ||    78
Invok: Berserk           |       |     1 ||     1
  Use: Scroll            |     8 |     1 ||     9
       Potion            |       |     4 ||     4
  Eat: Chunk             |       |     3 ||     3
       Fruit             |       |     1 ||     1
Armor: Animal skin       |    12 |       ||    12
       Robe              |       |    16 ||    16
Dodge: Dodged            |    56 |    33 ||    89
